 Dungeon Crawl Stone Soup version 0.28.0-1-gb440e238dd (webtiles) character file.

Game seed: 2419290047075316516

32528 spaghetti the Brawler (level 13, -2/86 HPs)
             Began as a Demonspawn Berserker on Feb 22, 2022.
             Was a High Priest of Trog.
             Succumbed to a cane toad's poison
             ... on level 5 of the Lair of Beasts.
             The game lasted 00:12:39 (17158 turns).

spaghetti the Brawler (Demonspawn Berserker)       Turns: 17158, Time: 00:12:39

Health: -2/86      AC: 15    Str: 28    XL:     13   Next: 31%
Magic:  13/13      EV: 11    Int:  9    God:    Trog [*****.]
Gold:   667        SH:  0    Dex: 13    Spells: 12/12 levels left

rFire   + . .      SeeInvis .     - Unarmed
rCold   . . .      Faith    +   (no shield)
rNeg    . . .      Spirit   .   i - +3 scale mail {rF+}
rPois   .          Reflect  .   (helmet restricted)
rElec   .          Harm     .   (no cloak)
rCorr   .          Rampage  .   (no gloves)
Will    +....                   (no boots)
Stlth   ..........              e - amulet of faith
HPRegen 0.24/turn               o - ring of willpower
MPRegen 0.13/turn               v - +6 ring of strength

@: lethally poisoned (-2 -> -16), on berserk cooldown, slowed, very slow
A: horns 2, thin metallic scales 2, ignite blood 2, spiny 1
a: Renounce Religion, Berserk, Trog's Hand, Brothers in Arms


You were on level 5 of the Lair of Beasts.
You worshipped Trog.
Trog was extremely pleased with you.
You visited 2 branches of the dungeon, and saw 15 of its levels.

You collected 755 gold pieces.
You spent 88 gold pieces at shops.

Inventory:

Hand Weapons
 b - a +0 shortbow
Missiles
 d - 490 stones (quivered)
 H - 131 arrows
Armour
 a - a +0 animal skin
 i - a +3 scale mail of fire resistance (worn)
Jewellery
 e - an amulet of faith (around neck)
 o - a ring of willpower (left hand)
 p - a ring of see invisible
 v - a +6 ring of strength (right hand)
 y - a ring of protection from cold
Wands
 j - a wand of paralysis (9)
 k - a wand of polymorph (16)
 C - a wand of iceblast (8)
 D - a wand of flame (23)
 F - a wand of digging (10)
Scrolls
 c - 3 scrolls of immolation
 h - 5 scrolls of teleportation
 n - 5 scrolls of amnesia
 r - 3 scrolls of magic mapping
 G - 3 scrolls of vulnerability
 I - 3 scrolls of enchant weapon
 L - 2 scrolls of enchant armour
Potions
 f - a potion of ambrosia
 g - 8 potions of curing
 l - 3 potions of haste
 m - 5 potions of heal wounds
 s - 3 potions of might
 t - 2 potions of brilliance {unknown}
 u - a potion of berserk rage {unknown}
 w - a potion of invisibility {unknown}
 x - 3 potions of attraction {unknown}
 z - a potion of magic {unknown}
 A - 2 potions of lignification
 B - 2 potions of mutation {unknown}
 E - a potion of flight
 J - a potion of degeneration {unknown}


   Skills:
 - Level 3.0 Fighting
 + Level 13.2 Armour
 - Level 1.7 Dodging
 - Level 17.0 Unarmed Combat


You had 12 spell levels left.
You didn't know any spells.
Your spell library was empty.

Dungeon Overview and Level Annotations

Branches:
Dungeon (10/15)            Temple (0/1) D:4            Lair (5/6) D:8
  Swamp (0/4) Lair:2        Snake (0/4) Lair:3          Orc (0/2) D:9
  Slime: Lair:5-6

Altars:
Wu Jian
Zin

Shops:
D:1 (   D:5 (   D:9 !   D:10 (

Annotations:
D:8 2 transporters, snaxamus's ghost, novice MiFi
Lair:5 Riymurr's ghost, journeyman MfMo


Innate Abilities, Weirdness & Mutations

You have a pair of horns on your head.
You are mostly covered in thin metallic scales. (AC +3)
Your demonic aura often causes spilled blood to erupt in flames.
You are partially covered in sharp spines.


Message History

Riymurr's ghost is severely damaged.
Riymurr's ghost hits you. Riymurr's ghost freezes you.
You completely miss Riymurr's ghost.
Riymurr's ghost is severely damaged.
You barely miss Riymurr's ghost. Your punch misses Riymurr's ghost.
Riymurr's ghost is severely damaged.
Riymurr's ghost hits you but does no damage.
You barely miss Riymurr's ghost.
Riymurr's ghost is severely damaged.
You miss Riymurr's ghost. Your headbutt misses Riymurr's ghost.
Your punch misses Riymurr's ghost.
Riymurr's ghost is severely damaged.
Riymurr's ghost hits you! Riymurr's ghost freezes you.
You miss Riymurr's ghost. Your headbutt misses Riymurr's ghost.
Riymurr's ghost is severely damaged.
You miss Riymurr's ghost. Your headbutt misses Riymurr's ghost.
Riymurr's ghost is severely damaged.
Riymurr's ghost hits you. Riymurr's ghost freezes you.
You barely miss Riymurr's ghost.
Riymurr's ghost is severely damaged.
You are no longer berserk.
You are exhausted.
You feel yourself slow down. The cane toad stings you!
You are poisoned.
The cane toad poisons you!
Your ogre goes berserk!
You feel extremely sick. The cane toad stings you!
* * * LOW HITPOINT WARNING * * *
Riymurr's ghost is struck by your spines.
Riymurr's ghost hits you!
* * * LOW HITPOINT WARNING * * *
Riymurr's ghost freezes you.
* * * LOW HITPOINT WARNING * * *
The cane toad misses you.
Riymurr's ghost hits you but does no damage.
Blink to where?
Press: ? - help, Dir - move target
As you read the scroll of blinking, it crumbles to dust.
You die...

#..#DY#.#.H#.##
...##.|?..##..# #..#
#...#.#.##
#..###.#...#.##
...#.....#.#..# ###
#..#.##..#.#..# #.##
#..#....H..#.## ##..##
...###'OW###..###.#..###
#.......F°......@.....P#
#....P.................#
#......................#
.......................#
..............P.##.P...#
.#...P........####.##..#
.######P.....######.#.##
.### ##.....#.P.###...#
...####...............##


There were no monsters in sight!

Vanquished Creatures
  3 hydras
  A boulder beetle (Lair:3)
  Pikel (D:8)
  A lindwurm (Lair:4)
  5 elephants (Lair:5)
  2 black mambas
  A torpor snail (Lair:4)
  6 cane toads
  A rime drake (Lair:4)
  A kobold demonologist (D:10)
  An unseen horror (D:10)
  5 komodo dragons
  A polar bear (Lair:5)
  A troll (D:9)
  8 blink frogs
  4 dream sheep
  7 wyverns
  31 yaks
  2 basilisks
  A steam dragon (D:9)
  3 vampire mosquitoes (D:9)
  2 nagas (Lair:3)
  3 wargs (D:8)
  An acid dragon (D:9)
  21 water moccasins
  4 orc warriors
  An ice beast (D:6)
  4 sky beasts
  A black bear (D:7)
  A necrophage (D:6)
  An ogre (D:6)
  2 centaurs
  3 phantoms
  A lemure (D:8)
  A kobold brigand (D:10)
  A gnoll sergeant (D:10)
  10 bullfrogs
  3 scorpions
  4 wights (D:7)
  2 bullfrog skeletons
  2 hounds
  A gnoll shaman (D:8)
  4 centaur zombies
  7 orc priests
  A jelly (D:6)
  2 centaur skeletons
  2 iguanas
  8 orc wizards
  A hound skeleton (D:4)
  A howler monkey skeleton (D:5)
  5 adders
  10 gnolls
  A white imp (D:7)
  3 worms
  An adder skeleton (D:4)
  4 dart slugs
  30 orcs
  2 endoplasms
  A giant cockroach (D:1)
  2 goblins
  7 hobgoblins
  11 jackals
  4 kobolds
  2 quokkas
  2 ball pythons
  5 bats
  2 frilled lizards
  2 rats
275 creatures vanquished.

Vanquished Creatures (collateral kills)
  2 nagas (Lair:3)
2 creatures vanquished.

Vanquished Creatures (others)
  6 fungi
  12 plants
18 creatures vanquished.

Grand Total: 295 creatures vanquished

Notes
Turn   | Place    | Note
-------+----------+-------------------------------------------
     0 | D:1      | spaghetti the Demonspawn Berserker began the quest for the
                  | Orb.
     0 | D:1      | Reached XP level 1. HP: 18/18 MP: 1/1
   119 | D:1      | Reached skill level 3 in Unarmed Combat
   344 | D:2      | Gained mutation: You are partially covered in thin metallic
                  | scales. (AC +2) [demonic ancestry]
   344 | D:2      | Reached XP level 2. HP: 24/24 MP: 2/2
   598 | D:1      | Found a faded altar of an unknown god.
  1067 | D:1      | Found Taax Qorghym's Antique Weapon Shoppe.
  1129 | D:1      | Gained mutation: Your demonic aura sometimes causes spilled
                  | blood to erupt in flames. [demonic ancestry]
  1129 | D:1      | Reached XP level 3. HP: 26/29 MP: 3/3
  1534 | D:2      | Reached ** piety under Trog
  1535 | D:2      | Reached skill level 4 in Unarmed Combat
  2041 | D:2      | Gained mutation: You are partially covered in sharp spines.
                  | [demonic ancestry]
  2041 | D:2      | Reached XP level 4. HP: 29/35 MP: 4/4
  2802 | D:3      | Reached skill level 5 in Unarmed Combat
  2933 | D:3      | Gained mutation: You have a pair of small horns on your
                  | head. [demonic ancestry]
  2933 | D:3      | Reached XP level 5. HP: 41/41 MP: 5/5
  3162 | D:4      | Reached skill level 6 in Unarmed Combat
  3226 | D:4      | Noticed a phantom
  3235 | D:4      | Killed a phantom
  3236 | D:4      | Reached XP level 6. HP: 46/47 MP: 6/6
  3595 | D:4      | Found a staircase to the Ecumenical Temple.
  3602 | D:4      | Reached skill level 7 in Unarmed Combat
  3834 | D:5      | Entered Level 5 of the Dungeon
  4056 | D:5      | Found Ruzybam's Weapon Boutique.
  4119 | D:5      | Noticed a sky beast
  4125 | D:5      | Reached XP level 7. HP: 43/52 MP: 7/7
  4384 | D:5      | Reached *** piety under Trog
  4385 | D:5      | Reached skill level 8 in Unarmed Combat
  4859 | D:6      | Reached skill level 9 in Unarmed Combat
  4859 | D:6      | Gained mutation: You have a pair of horns on your head.
                  | [demonic ancestry]
  4859 | D:6      | Reached XP level 8. HP: 23/58 MP: 8/8
  5213 | D:6      | Reached skill level 10 in Unarmed Combat
  5319 | D:6      | Found an ornate altar of the Wu Jian Council.
  5813 | D:7      | Reached skill level 11 in Unarmed Combat
  5898 | D:7      | Reached XP level 9. HP: 63/63 MP: 9/9
  6071 | D:7      | Reached **** piety under Trog
  6339 | D:7      | Reached skill level 15 in Unarmed Combat
  6339 | D:7      | Reached XP level 10. HP: 70/70 MP: 10/10
  6340 | D:7      | Reached skill level 17 in Unarmed Combat
  6340 | D:7      | Gained mutation: You are mostly covered in thin metallic
                  | scales. (AC +3) [demonic ancestry]
  6340 | D:7      | Reached XP level 11. HP: 75/75 MP: 11/11
  7036 | D:8      | Noticed Pikel
  7046 | D:8      | Killed Pikel
  7304 | D:8      | Reached skill level 5 in Armour
  7371 | D:8      | Found a staircase to the Lair.
  7833 | D:8      | Found a transporter.
  7835 | D:8      | Found a transporter.
  8062 | D:8      | Noticed snaxamus's ghost (novice MiFi)
  8087 | D:8      | Identified the ring of Grace {rF- Will+ MP-9 Dex+3 Slay+2
                  | SInv}
  8279 | D:9      | Found a staircase to the Orcish Mines.
  8318 | D:9      | Reached ***** piety under Trog
  8624 | D:9      | Found Bisibb's Distillery.
  8629 | D:9      | Bought a potion of heal wounds for 55 gold pieces
  8629 | D:9      | Bought a potion of lignification for 33 gold pieces
  9034 | D:10     | Entered Level 10 of the Dungeon
  9644 | D:10     | Found Xamae's Hydra Hut.
  9649 | D:10     | Noticed a five-headed hydra
  9871 | D:10     | Identified the +1 hand axe of Qaram {holy, rPois Int+3}
 10247 | Lair:1   | Entered Level 1 of the Lair of Beasts
 10258 | Lair:1   | Gained mutation: Your demonic aura often causes spilled
                  | blood to erupt in flames. [demonic ancestry]
 10258 | Lair:1   | Reached XP level 12. HP: 72/81 MP: 12/12
 10320 | Lair:1   | Received a gift from Trog
 11086 | Lair:1   | Noticed a seven-headed hydra
 11092 | Lair:1   | Killed a seven-headed hydra
 11533 | Lair:2   | Reached skill level 10 in Armour
 12317 | Lair:2   | You fall into a shaft and drop 1 floor!
 12334 | Lair:3   | Noticed a boulder beetle
 12352 | Lair:3   | Killed a boulder beetle
 13038 | D:5      | 1
 13180 | Lair:2   | Found a staircase to the Swamp.
 13767 | Lair:3   | Found a staircase to the Snake Pit.
 15084 | Lair:4   | Received a gift from Trog
 15243 | Lair:4   | Reached XP level 13. HP: 81/86 MP: 13/13
 16143 | Lair:5   | Found a runed translucent gate.
 16144 | Lair:5   | Found a runed translucent gate.
 16145 | Lair:5   | Found a runed translucent gate.
 16145 | Lair:5   | Noticed Riymurr's ghost (journeyman MfMo)
 16159 | Lair:5   | Noticed a minotaur
 17157 | Lair:5   | HP: 3/86 [Riymurr's ghost (4)]
 17158 | Lair:5   | Succumbed to a cane toad's poison

Illustrated notes

#.#########.#.# #.##.........
#...........#.#####.##......<..
###############.#.....##.........
.............##.#.######.........
.###########.##.#.# #.........
.........# #.##.#.# #......)..
########.# #......# #.........
#.# ####.########......... #.#
#.@...#............
#####'##########.#.#..........
#....))...# #.#.#.#########
#.........# #.#.#.# #....#
#.........# #.#.#.# #....#
#.........######.#.#.####....#
#.........#...##.#.#.##.'....# ##
##....#####.#.##.#.#.##.#....# .#
#..#.# #.#........##.#....#


Turn 13038 on D:5: 1

Levels and vault maps discovered:
D:1:      dpeg_arrival_radiant, layout_basic, basic_ecumenical_altar,
          serial_shops, nicolae_shop_statue_plus
D:2:      layout_loops_ring, chequers_serial_rivers_large_a, st_stairs_11,
          minmay_close_crescents
D:3:      layout_basic
D:4:      layout_loops_ring, temple_green
D:5:      layout_basic, serial_shops, shop
D:6:      layout_rooms, mainiacjoe_overflow_brackets,
          minmay_fractal_squares_diagonal_5
D:7:      layout_cave_pods
D:8:      layout_layer_cave, erik_lair_orcish_takeover,
          gammafunk_ghost_gnarly_gnolls, uniq_pikel
D:9:      layout_loops_ring, orc_0_dummy, serial_shops, nicolae_shop_stone
D:10:     layout_basic, doesnt_shop_hydraphobe
Lair:1:   layout_cave_pods, lemuel_fruit_fields
Lair:2:   layout_hall_layers, swamp_mist
Lair:3:   layout_hall_layers, guppyfry_snake_entry_garden
Lair:4:   layout_regular_city, basic_altar, grunt_megastairs_4
Lair:5:   layout_gridlike, maelrawn_ghost_gauntlet_escape, grunt_megastairs_2,
          infiniplex_staircase_pool

Skill      XL: |  1  2  3  4  5  6  7  8  9 10 11 12 13 |
---------------+----------------------------------------+-----
Unarmed Combat | 3 4 5 6 7 9 11 15 17 | 17.0
Armour         | 7 12 13 | 13.2
Fighting       | |  3.0
Dodging        | |  1.7

Action                   |  1- 3 |  4- 6 |  7- 9 | 10-12 | 13-15 || total
-------------------------+-------+-------+-------+-------+-------++-------
Melee: Unarmed           |   154 |   115 |   116 |   325 |    74 ||   784
       Punch             |     7 |     7 |     7 |    36 |     7 ||    64
       Headbutt          |       |     8 |    23 |    72 |    17 ||   120
Throw: Stone             |       |     2 |       |     4 |       ||     6
Invok: Berserk           |     1 |     3 |     1 |     4 |     1 ||    10
       Brothers in Arms  |       |       |       |     1 |     1 ||     2
  Use: Scroll            |       |       |    10 |     7 |     2 ||    19
       Potion            |       |       |     1 |     1 |       ||     2
 Stab: Sleeping          |     1 |       |       |       |       ||     1
Armor: Animal skin       |    18 |       |       |       |       ||    18
       Scale mail        |    46 |    40 |    39 |   142 |    29 ||   296
Dodge: Dodged            |    82 |    44 |    41 |   157 |    16 ||   340
